 Dungeon Crawl Stone Soup version 0.27.0 (webtiles) character file.

Game seed: 11455401698517841388

579 horus123 the Thaumaturge (level 7, -3/36 HPs)
             Began as a Deep Elf Hedge Wizard on July 30, 2021.
             Slain by a two-headed ogre (7 damage)
             ... on level 5 of the Dungeon.
             The game lasted 00:31:17 (7701 turns).

horus123 the Thaumaturge (Deep Elf Hedge Wizard)    Turns: 7701, Time: 00:31:17

Health: -3/36      AC:  7    Str:  7    XL:     7   Next: 13%
Magic:  0/20       EV: 13    Int: 20    God:
Gold:   269        SH:  0    Dex: 15    Spells: 7/22 levels left

rFire    + . .     SeeInvis .   f - staff of earth
rCold    . . .     Faith    .   (no shield)
rNeg     + . .     Spirit   .   b - +0 robe
rPois    .         Reflect  .   l - +0 helmet
rElec    .         Harm     .   q - +2 cloak
rCorr    .         Rampage  .   (no gloves)
Will     .....                  p - +0 pair of boots
Stlth    ++........             (no amulet)
HPRegen  0.12/turn              j - ring of positive energy
MPRegen  0.17/turn              t - ring of protection from fire

@: no status effects
A: no striking features
a: no special abilities


You were on level 5 of the Dungeon.
You visited 1 branch of the dungeon, and saw 5 of its levels.

You collected 269 gold pieces.

Inventory:

Hand Weapons
 a - a +1 dagger
Missiles
 g - 2 throwing nets
Armour
 b - a +0 robe (worn)
 l - a +0 helmet (worn)
 p - a +0 pair of boots (worn)
 q - a +2 cloak (worn)
Magical Staves
 f - a staff of earth (weapon)
Jewellery
 j - a ring of positive energy (left hand)
 t - a ring of protection from fire (right hand)
Wands
 k - a wand of iceblast (1)
Scrolls
 h - a scroll of amnesia
 i - a scroll of noise
 o - a scroll of vulnerability {unknown}
 r - 2 scrolls of fear
 s - a scroll of torment {unknown}
 u - a scroll of teleportation {unknown}
Potions
 c - a potion of brilliance {unknown}
 d - 3 potions of flight
 e - 2 potions of curing {unknown}
 n - a potion of invisibility {unknown}


   Skills:
 + Level 0.3 Fighting
 + Level 0.1 Staves
 + Level 3.2 Dodging
 + Level 3.2 Stealth
 + Level 8.0 Spellcasting
 + Level 3.9 Conjurations
 + Level 2.1 Hexes
 + Level 2.5 Summonings
 + Level 2.1 Translocations
 + Level 0.1 Transmutations
 + Level 0.1 Air Magic
 + Level 0.1 Evocations


You had 7 spell levels left.
You knew the following spells:

 Your Spells              Type           Power      Damage    Failure   Level
a - Magic Dart            Conj           92%        1d7       1%          1
b - Slow                  Hex            16%        N/A       5%          2
c - Blink                 Tloc           N/A        N/A       5%          2
d - Call Imp              Summ           18%        N/A       4%          2
e - Conjure Flame         Conj/Fire      15%        6-21      12%         3
f - Mephitic Cloud        Conj/Pois/Air  13%        N/A       14%         3
g - Passwall              Tmut/Erth      10%        N/A       13%         2

Your spell library contained the following spells:

 Spells                   Type           Power      Damage    Failure   Level
 Swiftness                Air            8%         N/A       24%         3
 Sticky Flame             Conj/Fire      15%        2d4       36%         4
 Summon Lightning Spire   Summ/Air       13%        N/A       43%         4
 Invisibility             Hex            8%         N/A       99%         6


Dungeon Overview and Level Annotations

Branches:
Dungeon (5/15)
 Temple: D:4-7

Altars:
Makhleb

Shops:
D:2 (


Message History

Your white imp barely misses the wraith.
You hear the rapid rusting of a distant drain.
The two-headed ogre closely misses your white imp.
The two-headed ogre barely misses your white imp.
You see here an adder corpse.
You see here 25 stones.
Okay, then.
Casting: Call Imp (safe; 4% risk of failure)
Confirm with . or Enter, or press ? or * to list all spells.
You blink.
The two-headed ogre closely misses you.
The two-headed ogre hits you with a +0 giant club!
Casting: Blink (safe; 5% risk of failure)
Confirm with . or Enter, or press ? or * to list all spells.
You blink.
You hear the rapid rusting of a drain very nearby.
Your white imp barely misses the wraith.
Your white imp hits the wraith but does no damage.
Your white imp hits the wraith but does no damage.
You see here 15 gold pieces.
You now have 269 gold pieces (gained 15).
The two-headed ogre hits you with a +0 giant spiked club!
* * * LOW HITPOINT WARNING * * *
The two-headed ogre barely misses you. The two-headed ogre barely misses you.
The two-headed ogre misses you. The wraith hits you.
* * * LOW HITPOINT WARNING * * *
Casting: Blink (safe; 5% risk of failure)
Confirm with . or Enter, or press ? or * to list all spells.
You blink.
The two-headed ogre closely misses you.
The two-headed ogre completely misses you.
The wraith closely misses you.
Casting: Blink (safe; 5% risk of failure)
Confirm with . or Enter, or press ? or * to list all spells.
You blink.
The wraith hits you but does no damage.
Casting: Blink (safe; 5% risk of failure)
Confirm with . or Enter, or press ? or * to list all spells.
You blink.
The two-headed ogre closely misses you.
The two-headed ogre hits you with a +0 giant club!
You die...

.#####.#.##.# #..#..5.O.# ..
...#.##.# ..#####..#####..#
##
#####.##.##.....Z#..#......#
#.#...#......#.÷#......#
#...#.#####..#..#(†#####
#.#...#......#..#......#
#.#####......#..#...(..# ###
##.## #..#####).#####..# ..#
##.#.####..@...#..#......#
#.#
#.###...#...O..#..#......#
#.#
#..#.########W.#..#..#####
#.# #.#.##
#.§..Z.#†.#......# #.# #.#.#
#......#§.#......# #.#
#.#.#####..#####..#####..#
#.#
#.#.....#.....WZ5........#
#.#
#.#######................#
#.# #.# ##################


You could see a two-headed ogre, a wraith and a bullfrog skeleton.

Vanquished Creatures
  2 necrophages (D:5)
  A wyvern zombie (D:5)
  2 hounds (D:4)
  A bullfrog zombie (D:5)
  A bullfrog skeleton (D:4)
  A gnoll (D:1)
  2 adders (D:4)
  An adder skeleton (D:4)
  2 dart slugs
  4 orcs
  4 bats
  4 endoplasms
  6 goblins
  6 hobgoblins
  5 jackals
  5 kobolds
  4 ball pythons
  6 frilled lizards
  13 rats
70 creatures vanquished.

Vanquished Creatures (collateral kills)
  A water moccasin skeleton (D:5)
  2 hounds
  A jelly (D:5)
  An orc priest (D:5)
  Terence (D:2)
  A hound skeleton (D:4)
  2 adders
  4 orcs (D:3)
  3 endoplasms
  A hobgoblin (D:2)
  A bat (D:1)
  2 frilled lizards (D:2)
  3 goblins
23 creatures vanquished.

Grand Total: 93 creatures vanquished

Notes
Turn   | Place    | Note
-------+----------+-------------------------------------------
     0 | D:1      | horus123 the Deep Elf Hedge Wizard began the quest for the
                  | Orb.
     0 | D:1      | Reached XP level 1. HP: 10/10 MP: 7/7
   172 | D:1      | Reached skill level 5 in Spellcasting
   172 | D:1      | Reached XP level 2. HP: 15/15 MP: 2/10
   175 | D:1      | Learned a level 2 spell: Slow
   178 | D:1      | Learned a level 2 spell: Blink
   181 | D:1      | Learned a level 2 spell: Call Imp
  1586 | D:1      | Reached XP level 3. HP: 17/19 MP: 0/11
  1801 | D:1      | Learned a level 3 spell: Conjure Flame
  2767 | D:2      | Learned a level 3 spell: Mephitic Cloud
  3213 | D:2      | Found Lirupt's Weapon Shoppe.
  3868 | D:2      | Noticed Terence
  3894 | D:2      | Killed Terence
  3895 | D:2      | Reached XP level 4. HP: 24/24 MP: 1/13
  4376 | D:3      | Reached skill level 1 in Hexes
  4904 | D:3      | Got the Tome of Burning Lightness
  5578 | D:4      | Reached skill level 6 in Spellcasting
  5578 | D:4      | Reached XP level 5. HP: 4/28 MP: 0/15
  5939 | D:4      | Learned a level 2 spell: Passwall
  6188 | D:4      | Reached skill level 7 in Spellcasting
  6724 | D:4      | Found a burning altar of Makhleb.
  6997 | D:5      | Entered Level 5 of the Dungeon
  7006 | D:5      | Reached XP level 6. HP: 32/32 MP: 5/18
  7360 | D:5      | Noticed an ice beast
  7393 | D:5      | Reached skill level 8 in Spellcasting
  7488 | D:5      | Reached XP level 7. HP: 36/36 MP: 9/20
  7647 | D:5      | Noticed a two-headed ogre
  7647 | D:5      | Noticed a wraith
  7701 | D:5      | Slain by a two-headed ogre

Illustrated notes

Levels and vault maps discovered:
D:1:      erik_arrival_cave_to_civilisation [erik_arrival_cave_to_hall],
          layout_loops_ring, minmay_rat_gold_closets
D:2:      layout_loops_corners, serial_shops, nicolae_shop_behind_doors,
          hangedman_decor_slide_cut, uniq_terence
D:3:      layout_loops_ring
D:4:      layout_layer_cave, general_overflow_altar
D:5:      kennysheep_windowed_halls, layout_loops_ring, portal_sewer_entry_c

Skill      XL: |  1  2  3  4  5  6  7 |
---------------+----------------------+-----
Spellcasting   | 5 6 7 8 |  8.0
Dodging        | 3 |  3.2
Summonings     | 2 |  2.5
Hexes          | 1 2 |  2.1
Conjurations   | 2 3 |  3.9
Stealth        | 3 |  3.2
Translocations | 2 |  2.1
Fighting       | |  0.3
Staves         | |  0.1
Transmutations | |  0.1
Air Magic      | |  0.1
Evocations     | |  0.1

Action                   |  1- 3 |  4- 6 |  7- 9 || total
-------------------------+-------+-------+-------++-------
Melee: Staff             |    27 |     4 |       ||    31
 Cast: Magic Dart        |    80 |    92 |    14 ||   186
       Slow              |    31 |    10 |     1 ||    42
       Call Imp          |    22 |    15 |     3 ||    40
       Blink             |     7 |     9 |    10 ||    26
       Mephitic Cloud    |       |     1 |     1 ||     2
       Passwall          |       |     1 |       ||     1
Evoke: Wand              |       |     2 |       ||     2
  Use: Scroll            |       |     6 |       ||     6
Armor: Robe              |    15 |    19 |     6 ||    40
Dodge: Dodged            |    29 |    29 |    13 ||    71
